TOP OF THE 1ST |
Highwood Hawks batting - Pitching for Delaware 1787 BC : RHP Brian Fixel
|
Pitching: RHP Brian Fixel
|
|
Batting: RHB Dennis Dudash
|
0-0: Ground out 6-3 (Groundball, 6)
|
Batting: RHB Sterling Burnett
|
0-0: Ball 1-0: Foul Ball, location: 2F 1-1: Swinging Strike 1-2: Strikes out swinging
|
Batting: LHB Kendrick Sullivan
|
0-0: Called Strike 0-1: Ground out U3 (Groundball, 34S)
|
Top of the 1st over - 0 run(s), 0 hit(s), 0 error(s), 0 left on base; Highwood 0 - Delaware 0 |
BOTTOM OF THE 1ST |
Delaware 1787 BC batting - Pitching for Highwood Hawks : LHP Gabriel Herrera
|
Pitching: LHP Gabriel Herrera
|
|
Batting: LHB Manoo Satyavrat
|
0-0: Ground out 4-3 (Groundball, 34)
|
Batting: LHB José Rodríguez
|
0-0: Bunt for hit - play at first, batter OUT! 1-3
|
Batting: RHB Felipe Bruno
|
0-0: Ball 1-0: Ball 2-0: Ball 3-0: Called Strike 3-1: Base on Balls
|
Batting: LHB Francisco García
|
0-0: Ball 1-0: Ball 2-0: Ball 3-0: Called Strike 3-1: Foul Ball, location: 2F 3-2: Foul Ball, location: 2F 3-2: Fly out, F7 (Flyball, 78M)
|
Bottom of the 1st over - 0 run(s), 0 hit(s), 0 error(s), 1 left on base; Highwood 0 - Delaware 0 |
TOP OF THE 2ND |
Highwood Hawks batting - Pitching for Delaware 1787 BC : RHP Brian Fixel
|
Batting: RHB Pepe Álvarez
|
0-0: Called Strike 0-1: Swinging Strike 0-2: Strikes out looking
|
Batting: RHB Rojo Nasution
|
0-0: Ball 1-0: Called Strike 1-1: Foul Ball, location: 2F 1-2: Ball 2-2: Foul Ball, location: 2F 2-2: Ball 3-2: Foul Ball, location: 2F 3-2: Ground out 1-3 (Groundball, 15S)
|
Batting: SHB Gabriel Pittman
|
0-0: Called Strike 0-1: Ball 1-1: Swinging Strike 1-2: Foul Ball, location: 2F 1-2: Strikes out swinging
|
Top of the 2nd over - 0 run(s), 0 hit(s), 0 error(s), 0 left on base; Highwood 0 - Delaware 0 |
BOTTOM OF THE 2ND |
Delaware 1787 BC batting - Pitching for Highwood Hawks : LHP Gabriel Herrera
|
Batting: RHB Wilson Vega
|
0-0: Swinging Strike 0-1: Fly out, F7 (Flyball, 7LM)
|
Batting: SHB Sam Quint
|
0-0: Ground out 6-3 (Groundball, 56)
|
Batting: RHB Cristián Alfonso
|
0-0: Ball 1-0: Ball 2-0: Swinging Strike 2-1: Foul Ball, location: 2F 2-2: Foul Ball, location: 2F 2-2: Strikes out swinging
|
Bottom of the 2nd over - 0 run(s), 0 hit(s), 0 error(s), 0 left on base; Highwood 0 - Delaware 0 |
TOP OF THE 3RD |
Highwood Hawks batting - Pitching for Delaware 1787 BC : RHP Brian Fixel
|
Batting: RHB Andrew Crosby
|
0-0: Foul Ball, location: 2F 0-1: Swinging Strike 0-2: Ball 1-2: Strikes out looking
|
Batting: RHB Raleigh Delaney
|
0-0: Ball 1-0: Called Strike 1-1: Swinging Strike 1-2: Foul Ball, location: 2F 1-2: Strikes out looking
|
Batting: RHB Luis Estrada
|
0-0: Called Strike 0-1: Ball 1-1: Ball 2-1: Foul Ball, location: 2F 2-2: Strikes out looking
|
Top of the 3rd over - 0 run(s), 0 hit(s), 0 error(s), 0 left on base; Highwood 0 - Delaware 0 |
BOTTOM OF THE 3RD |
Delaware 1787 BC batting - Pitching for Highwood Hawks : LHP Gabriel Herrera
|
Batting: RHB Gilberto Rodríguez
|
0-0: Ground out 5-3 (Groundball, 56)
|
Batting: RHB Senior Pond
|
0-0: Foul Ball, location: 2F 0-1: Ball 1-1: Foul Ball, location: 2F 1-2: Ball 2-2: Ball 3-2: Strikes out swinging
|
Batting: LHB Manoo Satyavrat
|
0-0: Called Strike 0-1: Called Strike 0-2: Strikes out looking
|
Bottom of the 3rd over - 0 run(s), 0 hit(s), 0 error(s), 0 left on base; Highwood 0 - Delaware 0 |
TOP OF THE 4TH |
Highwood Hawks batting - Pitching for Delaware 1787 BC : RHP Brian Fixel
|
Batting: RHB Dennis Dudash
|
0-0: Foul Ball, location: 2F 0-1: Reached on error, E5 (Groundball, 56S)
|
Batting: RHB Sterling Burnett
|
0-0: Foul Ball, location: 2F 0-1: Foul Ball, location: 2F 0-2: Ball 1-2: Foul Ball, location: 2F 1-2: Foul Ball, location: 2F 1-2: Strikes out swinging
|
Batting: LHB Kendrick Sullivan
|
0-0: Called Strike 0-1: Foul Ball, location: 2F 0-2: Strikes out looking
|
Batting: RHB Pepe Álvarez
|
0-0: Ball 1-0: Called Strike 1-1: Ball 2-1: Foul Ball, location: 2F 2-2: Fly out, F4 (Flyball, 4MD)
|
Top of the 4th over - 0 run(s), 0 hit(s), 1 error(s), 1 left on base; Highwood 0 - Delaware 0 |
BOTTOM OF THE 4TH |
Delaware 1787 BC batting - Pitching for Highwood Hawks : LHP Gabriel Herrera
|
Batting: LHB José Rodríguez
|
0-0: Swinging Strike 0-1: Ball 1-1: Called Strike 1-2: Strikes out swinging
|
Batting: RHB Felipe Bruno
|
0-0: Ball 1-0: Fly out, F9 (Flyball, 9D)
|
Batting: LHB Francisco García
|
0-0: Ball 1-0: Ball 2-0: SINGLE (Groundball, 25) (infield hit)
|
Pinch Runner at 1st Damon Grinter:
|
|
Batting: RHB Wilson Vega
|
0-0: Ball 1-0: Ball 2-0: Fly out, F6 (Popup, 6D)
|
Bottom of the 4th over - 0 run(s), 1 hit(s), 0 error(s), 1 left on base; Highwood 0 - Delaware 0 |
TOP OF THE 5TH |
Highwood Hawks batting - Pitching for Delaware 1787 BC : RHP Brian Fixel
|
Batting: RHB Rojo Nasution
|
0-0: Swinging Strike 0-1: Ball 1-1: Ball 2-1: Ground out 6-3 (Groundball, 6)
|
Batting: SHB Gabriel Pittman
|
0-0: Called Strike 0-1: Foul Ball, location: 2F 0-2: Foul Ball, location: 2F 0-2: Foul Ball, location: 2F 0-2: Fly out, F8 (Flyball, 8LM)
|
Batting: RHB Andrew Crosby
|
0-0: Called Strike 0-1: Ball 1-1: Swinging Strike 1-2: Strikes out looking
|
Top of the 5th over - 0 run(s), 0 hit(s), 0 error(s), 0 left on base; Highwood 0 - Delaware 0 |
BOTTOM OF THE 5TH |
Delaware 1787 BC batting - Pitching for Highwood Hawks : LHP Gabriel Herrera
|
Batting: SHB Sam Quint
|
0-0: Ball 1-0: Called Strike 1-1: Foul Ball, location: 2F 1-2: Ball 2-2: SINGLE (Groundball, 56D)
|
Batting: RHB Cristián Alfonso
|
0-0: Bunted foul 0-1: Sac Bunt - play at first, batter OUT! 1-4 Sam Quint to second
|
Batting: RHB Gilberto Rodríguez
|
0-0: Ball 1-0: Ground out 5-3 (Groundball, 56)
|
Batting: RHB Senior Pond
|
0-0: Ball 1-0: Foul Ball, location: 2F 1-1: Foul Ball, location: 2F 1-2: Strikes out swinging
|
Bottom of the 5th over - 0 run(s), 1 hit(s), 0 error(s), 1 left on base; Highwood 0 - Delaware 0 |
TOP OF THE 6TH |
Highwood Hawks batting - Pitching for Delaware 1787 BC : RHP Brian Fixel
|
Batting: RHB Raleigh Delaney
|
0-0: Foul Ball, location: 2F 0-1: Ball 1-1: Foul Ball, location: 2F 1-2: Ground out 4-3 (Groundball, 4MD)
|
Batting: RHB Luis Estrada
|
0-0: Called Strike 0-1: Ball 1-1: Ball 2-1: Fly out, F7 (Flyball, 7S)
|
Batting: RHB Dennis Dudash
|
0-0: Ball 1-0: Ground out 6-3 (Groundball, 6)
|
Top of the 6th over - 0 run(s), 0 hit(s), 0 error(s), 0 left on base; Highwood 0 - Delaware 0 |
BOTTOM OF THE 6TH |
Delaware 1787 BC batting - Pitching for Highwood Hawks : LHP Gabriel Herrera
|
Batting: LHB Manoo Satyavrat
|
0-0: Foul Ball, location: 2F 0-1: Ball 1-1: Foul Ball, location: 2F 1-2: Ball 2-2: Ball 3-2: SINGLE (Groundball, 34D)
|
Batting: LHB José Rodríguez
|
0-0: Bunted foul 0-1: Bunted foul 0-2: Ball 1-2: Foul Ball, location: 2F 1-2: Foul Ball, location: 2F 1-2: Foul Ball, location: 2F 1-2: DOUBLE (Line Drive, 7LM) Manoo Satyavrat to third Runner from 3rd tries for Home, SAFE, no throw
|
Batting: RHB Felipe Bruno
|
0-0: Ball 1-0: Ball 2-0: Ball 3-0: Called Strike 3-1: Base on Balls
|
Batting: RHB Damon Grinter
|
0-0: Called Strike 0-1: Ball 1-1: Ball 2-1: Called Strike 2-2: Grounds into double play, 3-6-3 (Groundball, 3) José Rodríguez to third
|
Batting: RHB Wilson Vega
|
0-0: Ball 1-0: Foul Ball, location: 2F 1-1: Ball 2-1: Ball 3-1: Base on Balls
|
Batting: SHB Sam Quint
|
0-0: Called Strike 0-1: Ball 1-1: Ball 2-1: Ball 3-1: Fielders Choice at 2nd, 4-6 (Groundball, 4)
|
Bottom of the 6th over - 1 run(s), 2 hit(s), 0 error(s), 1 left on base; Highwood 0 - Delaware 1 |
TOP OF THE 7TH |
Highwood Hawks batting - Pitching for Delaware 1787 BC : RHP Brian Fixel
|
Batting: RHB Sterling Burnett
|
0-0: Ball 1-0: Swinging Strike 1-1: Ground out 4-3 (Groundball, 4)
|
Batting: LHB Kendrick Sullivan
|
0-0: Called Strike 0-1: Ball 1-1: Ball 2-1: Foul Ball, location: 2F 2-2: Foul Ball, location: 2F 2-2: Foul Ball, location: 2F 2-2: Ball 3-2: Strikes out swinging
|
Batting: RHB Pepe Álvarez
|
0-0: Called Strike 0-1: Fly out, F5 (Popup, 56S)
|
Top of the 7th over - 0 run(s), 0 hit(s), 0 error(s), 0 left on base; Highwood 0 - Delaware 1 |
BOTTOM OF THE 7TH |
Delaware 1787 BC batting - Pitching for Highwood Hawks : LHP Gabriel Herrera
|
Batting: RHB Cristián Alfonso
|
0-0: Ground out 1-3 (Groundball, 13S)
|
Batting: RHB Gilberto Rodríguez
|
0-0: Ball 1-0: Ball 2-0: Ball 3-0: Called Strike 3-1: Foul Ball, location: 2F 3-2: Foul Ball, location: 2F 3-2: Base on Balls
|
Batting: RHB Senior Pond
|
0-0: Ball 1-0: Swinging Strike 1-1: Foul Ball, location: 2F 1-2: Ball 2-2: Grounds into double play, 6-4-3 (Groundball, 6)
|
Bottom of the 7th over - 0 run(s), 0 hit(s), 0 error(s), 0 left on base; Highwood 0 - Delaware 1 |
TOP OF THE 8TH |
Highwood Hawks batting - Pitching for Delaware 1787 BC : RHP Brian Fixel
|
Now at 3B: Arturo Urquiza
|
|
Batting: RHB Rojo Nasution
|
0-0: Foul Ball, location: 2F 0-1: Fly out, F9 (Line Drive, 9)
|
Batting: SHB Gabriel Pittman
|
0-0: Ball 1-0: Foul Ball, location: 2F 1-1: Ball 2-1: Foul Ball, location: 2F 2-2: Strikes out swinging
|
Batting: RHB Andrew Crosby
|
0-0: Ball 1-0: Ground out 5-3 (Groundball, 56)
|
Top of the 8th over - 0 run(s), 0 hit(s), 0 error(s), 0 left on base; Highwood 0 - Delaware 1 |
BOTTOM OF THE 8TH |
Delaware 1787 BC batting - Pitching for Highwood Hawks : LHP Gabriel Herrera
|
Batting: LHB Manoo Satyavrat
|
0-0: Called Strike 0-1: Fly out, F4 (Line Drive, 4M)
|
Pitching: RHP Alonso Martínez
|
|
Batting: LHB José Rodríguez
|
0-0: Swinging Strike 0-1: Ground out 4-3 (Groundball, 4)
|
Batting: RHB Felipe Bruno
|
0-0: Ball 1-0: Foul Ball, location: 2F 1-1: Called Strike 1-2: Strikes out swinging
|
Bottom of the 8th over - 0 run(s), 0 hit(s), 0 error(s), 0 left on base; Highwood 0 - Delaware 1 |
TOP OF THE 9TH |
Highwood Hawks batting - Pitching for Delaware 1787 BC : RHP Brian Fixel
|
Now at 1B: Chase Popoff
|
|
Now at SS: Thurman Blumer
|
|
Pinch Hitting: LHB Félix González
|
0-0: Ball 1-0: SINGLE (Groundball, 5D)
|
Pitching: RHP Apollo Cepeda
|
|
Batting: RHB Luis Estrada
|
0-0: Bunted foul 0-1: Sac Bunt - play at first, batter OUT! 1-4 Félix González to second
|
Pinch Hitting: RHB Jim Unknown
|
0-0: Foul Ball, location: 2F 0-1: Called Strike 0-2: Strikes out swinging
|
Batting: RHB Sterling Burnett
|
0-0: Ball 1-0: Ball 2-0: Swinging Strike 2-1: Called Strike 2-2: Strikes out swinging
|
Top of the 9th over - 0 run(s), 1 hit(s), 0 error(s), 1 left on base; Highwood 0 - Delaware 1 |
|